 Dungeon Crawl Stone Soup version 0.20-a0-351-gc9b4002 (webtiles) character file.

14 4thArraOfDagon the Gusty (level 2, -2/20 HPs)
             Began as a Centaur Air Elementalist on Dec 25, 2016.
             Slain by a quokka (5 damage)
             ... on level 3 of the Dungeon.
             The game lasted 00:01:58 (352 turns).

4thArraOfDagon the Gusty (Centaur Air Elementalist)  Turns: 352, Time: 00:01:59

Health: -2/20      AC:  8    Str: 10    XL:     2   Next: 31%
Magic:  4/4        EV:  9    Int: 14    God:
Gold:   21         SH:  0    Dex:  9    Spells: 3/4 levels left

rFire  . . .     SeeInvis .     d - +0 spear
rCold  . . .     Gourm    .     a - +0 robe
rNeg   . . .     Faith    .     (no shield)
rPois  .         Spirit   .     k - +0 helmet
rElec  .         Reflect  .     (no cloak)
rCorr  .         Harm     .     (no gloves)
MR     .....                    (no barding)
Stlth  +.........               (no amulet)
                                (no ring)
                                g - +3 ring of protection

@: very quick
A: hooves 3, deformed body, speed 2, tough skin 3
a: no special abilities


You were on level 3 of the Dungeon.
You were not hungry.

You visited 1 branch of the dungeon, and saw 3 of its levels.

You collected 21 gold pieces.

Inventory:

Hand Weapons
 d - a +0 spear (weapon)
Missiles
 f - 6 tomahawks (quivered)
Armour
 a - a +0 robe (worn)
 j - a +0 chain mail
 k - a +0 helmet (worn)
Jewellery
 g - a +3 ring of protection (left hand)
Scrolls
 e - a scroll of blinking {unknown}
 i - a scroll of recharging
Potions
 l - a potion of flight {unknown}
Books
 b - a book of Air

   Spells                             Type                      Level
   a - Shock                          Conjuration/Air              1
   b - Swiftness                      Charms/Air                   2
   c - Repel Missiles                 Charms/Air                   2
   d - Static Discharge               Conjuration/Air              3
   e - Lightning Bolt                 Conjuration/Air              5
Comestibles
 c - a bread ration
 h - 3 meat rations


   Skills:
 * Level 1.8 Polearms
 - Level 1.3 Dodging
 - Level 1.1 Stealth
 - Level 1.5 Spellcasting
 - Level 0.8 Conjurations
 - Level 2.6 Air Magic


You had 3 spell levels left.
You knew the following spells:

 Your Spells              Type           Power        Failure   Level  Hunger
a - Shock                 Conj/Air       #...         14%         1    ##.....


Dungeon Overview and Level Annotations

Branches:
Dungeon (3/15)

Altars:

Annotations:
D:2 Ijyb


Innate Abilities, Weirdness & Mutations

You have hooves in place of feet.
Armour fits poorly on your strangely shaped body.
You cover ground very quickly.
You have extremely tough skin. (AC +3)


Message History

Things that are here:
a short sword; a kobold corpse
Found a hand axe.
Found a scroll labeled RAZXANY BOTHI.
You see here a scroll labeled RAZXANY BOTHI.
e - a scroll labeled RAZXANY BOTHI
Found a meat ration.
You see here a meat ration.
h - 3 meat rations (gained 1)
Found 8 gold pieces.
You now have 21 gold pieces (gained 8).
l - a green potion
Found a stone staircase leading down.
A hobgoblin comes into view. It is wielding a club.
Unknown command.
There is a stone staircase leading down here.
You climb downwards.
A quokka comes into view.
The quokka bites you.
You die...

....%.....# ..
..........#..
(.........#.
.$......... .
.........) .>.
.........##....
..?....r.......
.......@.......
..............% ##
##^..#...#..........
..##........
#.##...$#..
...[...... .. ..###
. ....[..... ... ..[
.......... #.. ..##
.......... ... ...
..........


You could see a quokka.

Vanquished Creatures
  2 dart slugs
  2 goblins (D:1)
  A hobgoblin (D:1)
  2 bats (D:1)
  A frilled lizard (D:1)
  2 kobolds
  A rat (D:1)
11 creatures vanquished.

Notes
Turn   | Place    | Note
-------+----------+-------------------------------------------
     0 | D:1      | 4thArraOfDagon the Centaur Air Elementalist began the quest for the Orb.
     0 | D:1      | Reached XP level 1. HP: 14/14 MP: 3/3
    47 | D:1      | Reached skill level 1 in Polearms
   126 | D:1      | Reached XP level 2. HP: 20/20 MP: 4/4
   281 | D:2      | Noticed Ijyb
   308 | D:2      | HP: 1/20 [hobgoblin/club (1)]
   352 | D:3      | Slain by a quokka

Vault maps used:
D:1:      mushboom_english_gardens, minmay_surrounded
D:2:      first_bread, uniq_iyjb
D:3:      grunt_temple_overflow_open, fedhas_altar_3

Skill      XL: |  1 |
---------------+----+-----
Polearms       | 1 |  1.8
Dodging        | |  1.3
Stealth        | |  1.1
Spellcasting   | |  1.5
Conjurations   | |  0.8
Air Magic      | |  2.6

Action                   || total
-------------------------++-------
Melee: Spear             ||    34
       Kick              ||     3
 Cast: Shock             ||     2
  Use: Scroll            ||     1
Armor: Robe              ||    12
Dodge: Dodged            ||     9
